 Dungeon Crawl Stone Soup version 0.24.0-123-gd5b16e6ec5 (webtiles) character file.

Game seed: 9560279440626667440, levelgen mode: deterministic

263 Martska the Skirmisher (level 6, -2/66 HPs)
             Began as an Ogre Hunter on Feb 7, 2020.
             Slain by a killer bee (3 damage)
             ... on level 3 of the Dungeon.
             The game lasted 00:14:02 (4648 turns).

Martska the Skirmisher (Ogre Hunter)                Turns: 4648, Time: 00:14:03

Health: -2/66      AC:  4    Str: 17    XL:     6   Next: 19%
Magic:  6/6        EV: 10    Int: 12    God:
Gold:   130        SH:  0    Dex: 11    Spells: 5/5 levels left

rFire    . . .     SeeInvis .   c - +0 flail
rCold    . . .     Gourm    +   (no shield)
rNeg     . . .     Faith    .   b - +0 robe
rPois    .         Spirit   .   (helmet restricted)
rElec    .         Reflect  .   B - +0 cloak
rCorr    .         Harm     .   (gloves unavailable)
MR       .....                  (boots unavailable)
Stlth    +.........             k - amulet of the gourmand
HPRegen  0.21/turn              (no ring)
MPRegen  0.10/turn              (no ring)

@: lethally poisoned (-2 -> -24)
A: large, unfitting armour, tough skin 1
a: no special abilities


You were on level 3 of the Dungeon.
You were not hungry.

You visited 1 branch of the dungeon, and saw 4 of its levels.

You collected 130 gold pieces.

Inventory:

Hand Weapons
 a - a +0 short sword
 c - a +0 flail (weapon)
 e - a +0 hand axe
 m - a +0 club
 p - a +0 whip
 C - a +0 morningstar
Missiles
 d - 2 throwing nets
 j - 6 javelins (quivered)
Armour
 b - a +0 robe (worn)
 g - a +0 leather armour
 l - a +0 ring mail
 B - a +0 cloak (worn)
Jewellery
 k - an amulet of the gourmand (around neck)
 r - a -3 ring of protection
 y - an uncursed amulet of guardian spirit
Scrolls
 h - 2 scrolls of identify {unknown}
 i - a scroll of teleportation
 s - a scroll of magic mapping {unknown}
 t - 2 scrolls of remove curse
Potions
 n - a potion of agility {unknown}
 o - 2 potions of curing {unknown}
 q - a potion of berserk rage {unknown}
 u - 2 potions of haste {unknown}
 v - 3 potions of brilliance {unknown}
 w - 2 potions of mutation {unknown}
 x - a potion of might {unknown}
 z - a potion of flight {unknown}
 A - a potion of heal wounds {unknown}
Comestibles
 f - 8 rations


   Skills:
 * Level 5.2 Fighting
 * Level 2.7 Maces & Flails
 + Level 4.6 Throwing
 + Level 2.9 Dodging
 - Level 1.0 Stealth


You had 5 spell levels left.
You didn't know any spells.
Your spell library was empty.

Dungeon Overview and Level Annotations

Branches:
Dungeon (4/15)
 Temple: D:4-7

Altars:
Wu Jian


Innate Abilities, Weirdness & Mutations

You are too large for most types of armour.
You have tough skin. (AC +1)


Message History

The killer bee is moderately wounded.
* * * LOW HITPOINT WARNING * * *
You feel sick. The killer bee completely misses you.
The killer bee stings you but does no damage.
You miss the killer bee.
The killer bee is moderately wounded.
* * * LOW HITPOINT WARNING * * *
You feel very sick. The killer bee stings you.
* * * LOW HITPOINT WARNING * * *
The killer bee barely misses you. The killer bee stings you!
* * * LOW HITPOINT WARNING * * *
You are more poisoned.
The killer bee poisons you!
You closely miss the killer bee.
The killer bee is moderately wounded.
* * * LOW HITPOINT WARNING * * *
You feel very sick. The killer bee stings you.
You die...

.#.................#.#......#
.#........####...###.#.######
.#..........##.......#.#
#####.#####.#....#####.#
.......# ##.#..#.# #.#
(......# #.....#.# #.#
.......# #....##.#####.#
.......# #....##y#.....#
.......# #.....[@#.#####
.......# #....##.#.#
.......#########.#.# ##### ###
.............###.#.###...# #.#
############.#...#...#.#.###.#
#### #.#.#####.#.#.....# ...#
#.#.....<...#####.# ##.#
#.####....##### #.# ...#
#.###.........# #.#


You could see a killer bee.

Vanquished Creatures
  An orc priest (D:3)
  2 orc wizards (D:3)
  Terence (D:2)
  A worker ant (D:4)
  5 adders
  2 oozes (D:2)
  4 worms
  A dart slug (D:4)
  2 leopard geckos
  6 orcs
  7 goblins
  5 hobgoblins
  7 kobolds
  A quokka (D:3)
  3 ball pythons
  7 bats
  2 frilled lizards
  4 rats
61 creatures vanquished.

Notes
Turn   | Place    | Note
-------+----------+-------------------------------------------
     0 | D:1      | Martska the Ogre Hunter began the quest for the Orb.
     0 | D:1      | Reached XP level 1. HP: 22/22 MP: 1/1
   432 | D:1      | Reached skill level 3 in Fighting
   483 | D:1      | HP: 1/23 [leopard gecko (2)]
   486 | D:1      | Reached XP level 2. HP: 2/31 MP: 2/2
  1034 | D:1      | Reached skill level 1 in Stealth
  1620 | D:2      | Reached XP level 3. HP: 26/37 MP: 3/3
  1729 | D:2      | Noticed Terence
  1733 | D:2      | Killed Terence
  1733 | D:2      | Reached skill level 1 in Maces & Flails
  2200 | D:2      | Reached XP level 4. HP: 48/48 MP: 4/4
  2263 | D:2      | Found an ornate altar of the Wu Jian Council.
  2509 | D:2      | Reached skill level 4 in Fighting
  2896 | D:3      | Found a faded altar of an unknown god.
  3027 | D:3      | Reached XP level 5. HP: 55/55 MP: 5/5
  4295 | D:3      | Reached skill level 5 in Fighting
  4295 | D:3      | Reached XP level 6. HP: 17/66 MP: 6/6
  4648 | D:3      | HP: 1/66 [poisoned by a killer bee]
  4648 | D:3      | Slain by a killer bee

Levels and vault maps discovered:
D:1:      elethiomel_arrival_infinity_welcomes_careful_drivers, layout_basic
D:2:      minmay_kobold_bridge, layout_basic, lemuel_doored_altar, uniq_terence
D:3:      layout_basic, chequers_ecumenical_altar_simple
D:4:      layout_loops_cross, old_standard_altar, first_ration

Skill      XL: |  1  2  3  4  5 |
---------------+----------------+-----
Fighting       | 3 4 5 |  5.2
Dodging        | 2 |  2.9
Stealth        | 1 |  1.0
Maces & Flails | 1 2 |  2.7
Throwing       | |  4.6

Action                   |  1- 3 |  4- 6 || total
-------------------------+-------+-------++-------
Melee: Hand axe          |    22 |       ||    22
       Club              |    49 |       ||    49
       Unarmed           |     5 |       ||     5
       Flail             |     3 |   103 ||   106
       Morningstar       |       |    12 ||    12
Throw: Large rock        |    25 |     5 ||    30
       Javelin           |     3 |    12 ||    15
       Throwing net      |     1 |     3 ||     4
  Use: Scroll            |       |     2 ||     2
 Stab: Sleeping          |     2 |     2 ||     4
  Eat: Ration            |     1 |     1 ||     2
       Chunk             |       |     5 ||     5
Armor: Robe              |    41 |    39 ||    80
Dodge: Dodged            |    73 |    78 ||   151
